 Dungeon Crawl Stone Soup version 0.28-a0-1524-ge72afd5fc6 (webtiles) character file.

Game seed: 3298706314728743528

373219 testman the Slayer (level 23, -42/182 (191) HPs)
             Began as a Djinni Hedge Wizard on Jan 15, 2022.
             Was the Champion of Ru.
             Killed from afar by an ice dragon (73 damage)
             ... with a blast of cold
             ... on level 3 of the Depths on Jan 17, 2022.
             The game lasted 07:59:09 (81180 turns).

testman the Slayer (Djinni Hedge Wizard)           Turns: 81180, Time: 07:59:12

HP:   -42/182 (191) AC: 16    Str:  6    XL:     23   Next: 77%
Gold: 4521          EV: 21    Int: 31    God:    Ru [******] SH: 12 Dex: 15

rFire   + . .      SeeInvis .   p - staff of conjuration
rCold   x x .      Faith    .   v - +2 buckler of Decompression {rN+ MP+9}
rNeg    + + .      Spirit   .   e - +1 robe "Xohib" {Contam rCorr Slay-2 Archmagi}
rPois   ∞          Reflect  +   q - +2 helmet
rElec   .          Harm     .   I - +2 ratskin cloak {*Rats rPois rN+ Str-1 Int-1 Dex+1}
rCorr   +          Rampage  +   P - +2 pair of gloves
Will    +++..      Archmagi +   (boots unavailable)
Stlth   ++........              i - amulet "Caxzoets" {Reflect Rampage Will+ SH+5}
HPRegen 0.40/turn               n - +4 ring of protection
MPRegen 0.00/turn               X - +6 ring of intelligence

@: exhausted, unable to drink, flying, studying Polearms, lightly drained
A: sickness immunity, fire resistance 2, weak 1, cold vulnerability 1, inability
to drink while threatened, inability to train armour, unskilled 1, temperature
sensitive, float, innate caster, hp casting, extra vitality 1
}: 2/15 runes: decaying, serpentine
a: Renounce Religion, Draw Out Power, Power Leap, Apocalypse


You were on level 3 of the Depths.
You worshipped Ru.
Ru was exalted by your worship.
You visited 7 branches of the dungeon, and saw 38 of its levels.
You visited the Abyss 1 time.
You also visited: Gauntlet, Volcano and Wizlab.

You collected 6379 gold pieces.
You spent 1858 gold pieces at shops.

Inventory:

Hand Weapons
 a - a +3 fustibalus of flaming
 d - a +1 hunting sling of freezing
 f - the +6 dagger of the Sage {protect, Str+4 Int+4 Dex+3 Stlth+}
   (You bought it in a shop on level 2 of the Orcish Mines)

   It grants its wielder temporary protection when it strikes (+7 to AC).
   Str:       It affects your strength (+4).
   Int:       It affects your intelligence (+4).
   Dex:       It affects your dexterity (+3).
   Stlth:     It makes you more stealthy.
Missiles
 m - 16 atropa-tipped darts
 A - 286 sling bullets
 D - 2 boomerangs of dispersal
 N - a throwing net
 W - 5 silver javelins
Armour
 e - the +1 robe "Xohib" (worn) {Contam rCorr Slay-2 Archmagi}
   (You found it on level 3 of the Lair of Beasts)

   Slay:      It affects your accuracy & damage with ranged weapons and melee
   (-2).
   Contam:    It causes magical contamination when unequipped.
   rCorr:     It protects you from acid and corrosion.
   Archmagi:  It increases the power of your magical spells.
 q - a +2 helmet (worn)
 v - the +2 buckler of Decompression (worn) {rN+ MP+9}
   (You acquired it on level 1 of the Lair of Beasts)

   rN:        It protects you from negative energy.
   MP:        It affects your magic capacity (+9).
 I - the +2 ratskin cloak (worn) {*Rats rPois rN+ Str-1 Int-1 Dex+1}
   (You found it on level 8 of the Dungeon)

   When the wearer is hurt, rats may emerge from it to assist them.
   Str:       It affects your strength (-1).
   Int:       It affects your intelligence (-1).
   Dex:       It affects your dexterity (+1).
   rPois:     It protects you from poison.
   rN:        It protects you from negative energy.
 P - a +2 pair of gloves (worn)
Magical Staves
 p - a staff of conjuration (weapon)
Jewellery
 i - the amulet "Caxzoets" (around neck) {Reflect Rampage Will+ SH+5}
   (You bought it in a shop on level 3 of the Depths)

   [amulet of reflection]

   It reflects blocked missile attacks.
   SH:        It affects your SH (+5).
   Rampage:   It bestows one free step when moving towards enemies.
   Will:      It increases your willpower.
 n - a +4 ring of protection (left hand)
 O - an amulet of the acrobat
 Q - a ring of see invisible
 X - a +6 ring of intelligence (right hand)
Wands
 z - a wand of paralysis (34)
 C - a wand of digging (10)
 F - a wand of polymorph (12)
 G - a wand of acid (34)
 H - a wand of iceblast (48)
 M - a wand of flame (130)
Scrolls
 b - 6 scrolls of blinking
 c - 3 scrolls of fear
 g - 2 scrolls of enchant weapon
 j - 3 scrolls of holy word
 k - 3 scrolls of silence
 o - 3 scrolls of brand weapon
 t - 8 scrolls of summoning
 u - 3 scrolls of magic mapping
 y - 20 scrolls of teleportation
 B - 5 scrolls of enchant armour
 U - 8 scrolls of fog
Potions
 h - 6 potions of invisibility
 l - 5 potions of berserk rage
 r - 6 potions of lignification
 s - 17 potions of curing
 x - 5 potions of might
 E - 2 potions of ambrosia
 J - 3 potions of haste
 K - 2 potions of resistance
 L - 6 potions of attraction
 R - 6 potions of brilliance
 T - 5 potions of mutation
 V - 4 potions of cancellation
 Z - 3 potions of heal wounds
Miscellaneous
 w - a lightning rod (4/4)
 Y - a phantom mirror


   Skills:
 + Level 23.7 Fighting
 - Level 2.7 Short Blades
 + Level 16.9 Dodging
 - Level 1.4 Stealth
 - Level 4.0 Shields
 + Level 18.0 Spellcasting
 - Level 10.2 Evocations


You couldn't memorise any spells.
You knew the following spells:

 Your Spells              Type           Power      Damage    Failure   Level
a - Magic Dart            Conj           100%       1d8       0%          1
b - Blink                 Tloc           100%       N/A       0%          2
c - Call Imp              Summ           100%       N/A       0%          2
d - Slow                  Hex            100%       N/A       0%          1
e - Conjure Flame         Conj/Fire      100%       6-21      0%          3
f - Mephitic Cloud        Conj/Pois/Air  100%       N/A       0%          3
g - Foxfire               Conj/Fire      100%       2x1d9     0%          1
h - Scorch                Fire           100%       2d10      0%          2
i - Stone Arrow           Conj/Erth      100%       3d13      0%          3
j - Lesser Beckoning      Tloc           100%       N/A       0%          3
k - Anguish               Hex/Necr       59%        N/A       0%          4
l - Iskenderun's Battles  Conj           100%       2d15      1%          5
m - Iron Shot             Conj/Erth      71%        9d13      1%          6
n - Malign Gateway        Summ/Tloc      59%        N/A       1%          7
o - Eringya's Noxious Bo  Tmut/Pois      59%        N/A       1%          6
p - Maxwell's Capacitive  Air            59%        ∞         7%          8
q - Orb of Destruction    Conj           71%        9d16      1%          7
Your spell library was empty.

Dungeon Overview and Level Annotations

Branches:
Dungeon (15/15)            Temple (0/1) D:4            Lair (6/6) D:9
  Swamp (4/4) Lair:4        Snake (4/4) Lair:2        Slime (0/5) Lair:5
    Orc (2/2) D:12            Elf (0/3) Orc:2        Vaults (4/5) D:14
  Crypt (0/3) Vaults:2     Depths (3/4) D:15        Volcano (visited)
 WizLab (visited)         Gauntlet (visited)

Altars:
Cheibriados
Elyvilon
Gozag
Kikubaaqudgha
Okawaru
Ru
Sif Muna
Trog
Uskayaw
Vehumet
Yredelemnul
Beogh
Lugonu

Shops:
D:5 =   D:7 *   Orc:2 *[((   Vaults:2 =   Vaults:4 :([   Depths:1 (
Depths:3 =

Portals:
Hell: Depths:1 Depths:2 Depths:3
Abyss: Depths:2 Depths:3
Pandemonium: Depths:1 Depths:2
Ziggurat: Depths:1
Bazaar: D:14

Annotations:
D:14 exclusion: ice statue
Swamp:3 Roxanne


Innate Abilities, Weirdness & Mutations

You are immune to sickness and miasma.
You are immune to poison.
Your flesh is very heat resistant. (rF++)
You are weak. (Str -2)
You are vulnerable to cold. (rC-)
You sometimes lose the ability to drink potions when taking damage.
You cannot train Armour skill.
You are somewhat unskilled. (-1 Apt)
You are sensitive to extremes of temperature. (rF-, rC-)
You float through the air rather than walking.
You learn spells naturally, not from books.
Your magical power is your life essence.
You have superior vitality. (+4 MHP)


Message History

The necromancer closely misses your river rat.
Your river rat barely misses the necromancer.
Really fly into that cloud of freezing vapour? [Y]es or [N]o only, please.
Really fly into that cloud of freezing vapour?
Okay, then.
Unknown command.
Unknown command.
Okay, then.
Unknown command.
There are monsters nearby!
Unknown command.
Okay, then.
Okay, then.
Unknown command.
The necromancer barely misses your river rat.
A tentacled monstrosity comes into view.
Your river rat misses the necromancer.
A shadow dragon comes into view.
Casting: Iron Shot (mildly dangerous; 1% risk of failure)
Confirm with . or Enter, or press ? or * to list all spells.
Casting: Anguish (safe; 0% risk of failure)
Press: ? - help, Dir - look around, f - activate You feel a surge of power!
The necromancer is haunted by guilt!
The tentacled monstrosity resists with almost no effort.
The ice dragon resists with some effort.
The shadow dragon is haunted by guilt!
The titan skeleton is unaffected.
The golden dragon zombie is unaffected.
The shadow dragon zombie is unaffected.
* * * LOW HITPOINT WARNING * * *
The ice dragon's soul is no longer bound.
The necromancer mumbles some strange words.
The necromancer binds the souls of nearby monsters.
Your river rat bites the necromancer.
Your river rat bites the shadow dragon but does no damage.
The ice dragon breathes frost at you.
The blast of cold hits the shadow dragon.
The shadow dragon resists.
The blast of cold misses your river rat.
The blast of cold hits you!!!!
You feel a terrible chill!
You die...

#.'.≈≈≈≈#######♣..♣♣ ♣.♣..♣♣
## ###.....#
#♣♣..♣♣♣.♣♣..♣♣♣# ##'####
#.♣♣..♣♣.♣♣♣..♣.# #.####
#♣.♣♣.)♣.♣♣♣♣..♣# #.##.#
♣♣.........[...# #<##.#
#####♣.♣####### #....##.
♣♣♣♣♣...♣♣♣
##.#.##?Z.##♣○♣♣.♣♣♣♣.♣♣ ♣♣#
#.###.$XDDr@♣..♣♣...♣.♣♣♣.#
###'####ZZp##♣♣♣.♣♣..♣♣♣.♣.♣#
####.....##. ♣♣....♣ ♣♣.♣♣##
...'.....# #####♣.♣##### #.
.###.....# ♣♣....♣.♣....♣♣##
## #.....# ♣.≈≈≈≈≈≈≈≈≈≈≈.♣#
.# #.....# .≈≈≈≈≈≈≈≈≈≈≈≈≈.#
## #.....# ♣.≈≈≈≈≈≈≈≈≈≈≈.♣#
.# #.....## ###
♣♣....♣)♣....♣♣


You could see a shadow dragon (soul bound, anguished), a tentacled monstrosity,
an ice dragon (soul bound, catching breath), a necromancer (soul bound, ally
target, anguished), a shadow dragon zombie, a golden dragon zombie, a titan
skeleton and a friendly river rat.

Vanquished Creatures
  Vashnia (Snake:3)
  Margery (Depths:1)
  A caustic shrike (Depths:3)
  Jory (Vaults:3)
  A bone dragon (Swamp:4)
  A Hellbinder (WizLab)
  A lich (Vaults:1)
  A walking frostbound tome (Depths:3)
  Kirke (Lair:5)
  3 sphinxes
  Agnes (Snake:4)
  A shadow dragon (Depths:3)
  3 tengu reavers
  Donald (Swamp:4)
  3 fire giants
  5 frost giants
  2 fenstrider witches
  2 orc warlords
  Aizul (Snake:3)
  Louise (Swamp:4)
  A balrug (WizLab)
  10 vault wardens
  7 ghouls
  13 ironbound preservers
  3 spectral caustic shrikes (Depths:3)
  The ghost of fragbeetle the Geomancer, a journeyman GrEE of Vehumet (D:11)
  2 cacodemons (WizLab)
  3 war gargoyles
  7 ironbound thunderhulks
  A demonspawn blood saint (WizLab)
  Nessos (D:12)
  15 very ugly things
  3 stone giants
  A reaper (Depths:2)
  5 eleionomae
  7 dire elephants
  A minotaur (Gauntlet)
  A lorocyproca (WizLab)
  2 bunyips (Swamp:4)
  A crystal guardian (Vaults:1)
  6 ettins
  A deep elf death mage (Vaults:2)
  A merfolk javelineer (Depths:2)
  3 fire dragons
  11 vault guards
  10 yaktaur captains
  Josephine (Lair:5)
  11 great orbs of eyes
  A deep elf high priest (Vaults:2)
  17 naga warriors
  2 merfolk impalers (Depths:2)
  The ghost of murtidash the Convoker, a journeyman FeSu of Gozag (D:13)
  12 hydras
  3 salamander tyrants (Snake:4)
  3 peacekeepers
  Erolcha (D:12)
  2 hell beasts
  3 boulder beetles
  4 ghost crabs
  15 anacondas
  19 centaur warriors
  4 ice dragons
  2 death knights (D:14)
  4 tengu warriors
  4 ironbound frosthearts
  6 alligators
  A deep troll shaman (Depths:1)
  3 deep troll earth magi
  6 two-headed ogres
  2 orc high priests (Orc:2)
  17 naga sharpshooters
  2 spriggan berserkers (Depths:2)
  Sonja (D:12)
  13 spriggans
  2 sun demons
  9 hell knights
  9 shock serpents
  2 fire crabs (shapeshifter)
  2 soul eaters
  A titan skeleton (Depths:2)
  3 salamander mystics
  3 iron trolls (Depths:2)
  A sixfirhy (WizLab)
  3 spriggan druids
  5 swamp dragons
  33 deep trolls
  A shadow demon (WizLab)
  2 goliath frogs
  7 wizards
  5 large abominations
  A glowing orange brain (Vaults:1)
  A death drake (Swamp:2)
  5 naga ritualists
  3 spectral hydras (Swamp:4)
  24 lindwurms
  11 bog bodies
  Pikel (D:6)
  A golden dragon skeleton (Depths:2)
  A phantasmal warrior (Vaults:4)
  16 ironbound convokers
  5 deep elf zephyrmancers (D:15)
  8 orc knights
  7 will-o-the-wisps
  17 mana vipers
  A fire giant zombie (Vaults:4)
  10 harpies
  A stone giant zombie (Vaults:2)
  4 deep elf pyromancers (D:15)
  37 ugly things
  8 necromancers
  7 orc sorcerers
  A worldbinder (Abyss:3)
  21 salamanders
  5 cyclopes
  40 black mambas
  13 elephants
  5 manticores
  An eye of devastation (Abyss:3)
  A rust devil (Depths:2)
  6 torpor snails (Lair:6)
  13 guardian serpents
  3 smoke demons (WizLab)
  16 vault sentinels
  18 naga magi
  2 orange demons (WizLab)
  7 cane toads
  2 molten gargoyles (Volcano)
  A dire elephant skeleton (Abyss:3)
  An elf zombie (Vaults:2)
  2 rime drakes
  11 komodo dragons
  A hellion (WizLab)
  41 yaktaurs
  A yaktaur zombie (Vaults:4)
  A tormentor (WizLab)
  2 efreet (Volcano)
  A freezing wraith (D:15)
  4 swamp worm zombies (Swamp:4)
  3 ice devils (WizLab)
  2 unseen horrors (D:12)
  3 trolls
  4 hydra zombies (Swamp:4)
  3 red devils
  3 tengu conjurers
  An elf skeleton (Vaults:2)
  2 human skeletons
  2 hellwings
  2 ancient zymes
  3 bloated husks
  A tengu simulacrum (Depths:2)
  20 hornets
  Grinder (D:6)
  10 tyrant leeches
  Prince Ribbit (Lair:2)
  36 blink frogs
  30 slime creatures
  A frost giant simulacrum (Depths:2)
  7 dream sheep (Lair:6)
  4 alligator zombies (Swamp:4)
  A spectral swamp dragon (Swamp:4)
  A stone giant simulacrum (Vaults:4)
  A culicivora (shapeshifter) (D:14)
  2 vampires
  Sigmund (D:4)
  A spriggan (shapeshifter) (D:12)
  3 shadows
  6 wyverns
  3 ynoxinuls (WizLab)
  8 wraiths
  70 yaks
  5 fire elementals (Volcano)
  A hog (Lair:5)
  2 chaos spawn
  9 water elementals
  3 basilisks
  A human (D:14)
  A basilisk (shapeshifter) (D:13)
  2 neqoxecs
  7 vampire mosquitoes
  A steam dragon (Lair:3)
  22 swamp worms
  34 nagas
  A human simulacrum (Vaults:2)
  6 wargs
  2 acid dragons
  15 water moccasins
  35 orc warriors
  3 ice beasts
  An elf simulacrum (Vaults:4)
  3 swamp drakes (Swamp:3)
  A starcursed mass (Abyss:3)
  A black bear (Lair:2)
  3 swamp dragon zombies (Swamp:4)
  A black bear (shapeshifter) (D:15)
  2 necrophages (Swamp:4)
  3 wolves (Lair:2)
  4 boggarts (Vaults:1)
  8 ogres
  16 centaurs
  3 lemures (D:6)
  4 phantoms
  3 kobold brigands
  Blork the orc (D:6)
  11 bullfrogs
  A scorpion (D:5)
  4 earth elementals (Volcano)
  2 gnoll sergeants (D:7)
  A water moccasin skeleton (D:5)
  2 wyvern skeletons (D:6)
  13 killer bees
  3 wights (D:10)
  3 electric eels
  7 howler monkeys
  3 centaur zombies
  6 hounds
  7 jellies
  16 orc priests
  A bullfrog skeleton (D:5)
  Crazy Yiuf (D:6)
  A centaur skeleton (D:6)
  2 iguanas
  24 orc wizards
  3 spectral swamp drakes (Swamp:4)
  4 hell rats (Lair:3)
  4 polar bear simulacra (Lair:4)
  A statue (D:10)
  3 yak simulacra (Lair:4)
  3 wolf simulacra (Lair:4)
  A killer bee zombie (D:8)
  Robin (D:3)
  A howler monkey skeleton (D:6)
  11 gnolls
  7 adders
  A swamp drake zombie (Swamp:4)
  3 white imps
  2 ufetubi (D:5)
  An adder skeleton (D:4)
  4 worms
  3 dart slugs
  72 orcs
  6 ball pythons
  15 endoplasms
  6 giant cockroaches
  13 goblins
  21 hobgoblins
  9 jackals
  27 kobolds
  4 quokkas
  6 bats
  3 frilled lizards
  6 rats
  A river rat simulacrum (Lair:4)
  3 fire vortices (Volcano)
  A lurking horror (Abyss:3)
1580 creatures vanquished.

Vanquished Creatures (collateral kills)
  A great orb of eyes (Vaults:3)
  2 centaur warriors (Vaults:3)
  A shock serpent (Snake:2)
  A lindwurm (Snake:4)
  A phantasmal warrior (Swamp:4)
  A salamander (Snake:4)
  A centaur zombie (D:11)
  A naga mage (Snake:4)
  A yaktaur (Vaults:1)
  A blink frog (Lair:1)
  A yak (Lair:4)
  A centaur (D:11)
  A phantom (Swamp:4)
  A gnoll sergeant (D:11)
  A bullfrog (Lair:1)
  A quasit (Abyss:3)
  A foxfire (D:7)
18 creatures vanquished.

Vanquished Creatures (others)
  3 eldritch tentacles
  2 tengu reavers (Vaults:1)
  A frost giant (Depths:3)
  A spectral caustic shrike (Depths:3)
  A war gargoyle (Vaults:1)
  3 very ugly things
  2 stone giants
  A yaktaur captain (Vaults:4)
  A centaur warrior (Vaults:3)
  A tengu warrior (Depths:3)
  A thrashing horror (D:10)
  6 deep trolls
  A naga ritualist (Snake:1)
  An ironbound convoker (Vaults:1)
  4 ugly things
  A necromancer (Vaults:1)
  A salamander (shapeshifter) (D:10)
  A manticore (D:15)
  A vault sentinel (Vaults:1)
  3 yaktaurs (Vaults:3)
  4 bloated husks
  A human (D:14)
  A naga (Snake:4)
  4 phantoms (Swamp:4)
  A bat (D:1)
  A bush (Lair:2)
  225 foxfires
  55 fungi
  108 plants
436 creatures vanquished.

Grand Total: 2034 creatures vanquished

Notes
Turn   | Place    | Note
-------+----------+-------------------------------------------
     0 | D:1      | testman the Djinni Hedge Wizard began the quest for the
                  | Orb.
     0 | D:1      | Reached XP level 1. HP: 15/15 MP: 0/0
   277 | D:1      | Reached XP level 2. HP: 15/21 MP: 0/0
   751 | D:1      | Found a faded altar of an unknown god.
   766 | D:1      | Prayed at the altar of an unknown god.
   766 | D:1      | Became a worshipper of Ru the Awakened
   772 | D:1      | Gained mutation: You are sensitive to extremes of
                  | temperature. (rF-, rC-) [Ru sacrifice]
   772 | D:1      | Reached * piety under Ru
   772 | D:1      | Reached ** piety under Ru
  1076 | D:1      | Reached XP level 3. HP: 25/25 MP: 0/0
  1076 | D:1      | Learned a level 1 spell: Foxfire
  1834 | D:2      | Reached skill level 1 in Fighting
  1834 | D:2      | Reached XP level 4. HP: 30/32 MP: 0/0
  2831 | D:2      | Reached XP level 5. HP: 32/38 MP: 0/0
  2831 | D:2      | Learned a level 2 spell: Scorch
  3047 | D:3      | Reached skill level 2 in Fighting
  3177 | D:3      | Noticed Robin
  3182 | D:3      | Killed Robin
  3494 | D:3      | Gained mutation: You cannot train Armour skill. [Ru
                  | sacrifice]
  3494 | D:3      | Reached *** piety under Ru
  4175 | D:4      | Reached XP level 6. HP: 38/45 MP: 0/0
  4262 | D:4      | Reached skill level 3 in Fighting
  4535 | D:4      | Found a staircase to the Ecumenical Temple.
  4557 | D:4      | Noticed Sigmund
  4567 | D:4      | Killed Sigmund
  4568 | D:4      | Reached XP level 7. HP: 42/51 MP: 0/0
  4568 | D:4      | Learned a level 3 spell: Stone Arrow
  4807 | D:5      | Entered Level 5 of the Dungeon
  4811 | D:5      | Reached skill level 4 in Fighting
  5077 | D:5      | Reached skill level 5 in Spellcasting
  5287 | D:5      | Reached skill level 5 in Fighting
  5356 | D:5      | Reached XP level 8. HP: 49/59 MP: 0/0
  5470 | D:5      | Found Woilees's One-of-a-Kind Rings.
  5736 | D:6      | Noticed Pikel
  5770 | D:6      | Killed Pikel
  5771 | D:6      | Reached skill level 6 in Fighting
  6131 | D:6      | Noticed Blork the orc
  6135 | D:6      | Reached XP level 9. HP: 60/67 MP: 0/0
  6135 | D:6      | Learned a level 3 spell: Lesser Beckoning
  6139 | D:6      | Killed Blork the orc
  6140 | D:6      | Reached skill level 7 in Fighting
  6326 | D:6      | Gained mutation: You are somewhat unskilled. (-1 Apt) [Ru
                  | sacrifice]
  6326 | D:6      | Reduced skill Fighting to level 6
  6326 | D:6      | Reduced skill Spellcasting to level 5
  6326 | D:6      | Reached **** piety under Ru
  6326 | D:6      | Reached ***** piety under Ru
  6344 | D:6      | Noticed Grinder
  6346 | D:6      | Paralysed by Grinder for 2 turns
  6349 | D:6      | Killed Grinder
  6501 | D:6      | Reached skill level 7 in Fighting
  6800 | D:6      | Found a runed translucent door.
  6801 | D:6      | Noticed Crazy Yiuf
  6808 | D:6      | Killed Crazy Yiuf
  7962 | D:7      | Reached skill level 8 in Fighting
  8116 | D:7      | Reached XP level 10. HP: 67/76 MP: 0/0
  9089 | D:7      | Found Buasamis's General Store.
  9576 | D:8      | Reached skill level 9 in Fighting
  9817 | D:8      | Found the +2 ratskin cloak {*Rats rPois rN+ Str-1 Int-1
                  | Dex+1}
 10361 | D:9      | Found a staircase to the Lair.
 10395 | D:7      | Bought a scroll of teleportation for 36 gold pieces
 10395 | D:7      | Bought 2 potions of brilliance for 96 gold pieces
 11395 | D:9      | Reached XP level 11. HP: 45/85 MP: 0/0
 11395 | D:9      | Learned a level 4 spell: Anguish
 11397 | D:9      | Reached skill level 10 in Fighting
 11653 | D:10     | Entered Level 10 of the Dungeon
 11659 | D:10     | Found a white marble altar of Elyvilon.
 11669 | D:10     | Noticed a two-headed ogre
 11680 | D:10     | Killed a two-headed ogre
 11964 | D:10     | Found an iron altar of Okawaru.
 11966 | D:10     | Found a snail-covered altar of Cheibriados.
 11972 | D:10     | Found an opulent altar of Gozag.
 11972 | D:10     | Found a bloodstained altar of Trog.
 12009 | D:10     | Found a transporter.
 12009 | D:10     | Noticed a two-headed ogre
 12015 | D:10     | Killed a two-headed ogre
 12105 | D:10     | Noticed a two-headed ogre
 12111 | D:10     | Killed a two-headed ogre
 12166 | D:10     | Noticed a purple ugly thing
 12169 | D:10     | Found a corrupted altar of Lugonu.
 12169 | D:10     | Noticed a brown ugly thing
 12169 | D:10     | Noticed a purple ugly thing
 12349 | D:10     | Noticed a thrashing horror
 12428 | D:10     | Reached skill level 11 in Fighting
 12462 | D:11     | Identified 2 scrolls of acquirement
 12462 | D:11     | Acquired 954 gold pieces
 12518 | D:11     | Found a gate leading to a gauntlet.
 12528 | Gauntlet | Entered a Gauntlet
 12528 | Gauntlet | Noticed a hell beast
 12528 | Gauntlet | Found a transporter.
 12528 | Gauntlet | Found a transporter.
 12528 | Gauntlet | Found a transporter.
 12584 | Gauntlet | Found a transporter.
 12595 | Gauntlet | Noticed a necromancer
 12599 | Gauntlet | Found a transporter.
 12600 | Gauntlet | Found a transporter.
 12609 | Gauntlet | Found a transporter.
 12611 | Gauntlet | Noticed a fire crab
 12615 | Gauntlet | Found a transporter.
 12632 | Gauntlet | Found a transporter.
 12640 | Gauntlet | Found a transporter.
 12657 | Gauntlet | Found a transporter.
 12741 | Gauntlet | Found a transporter.
 12796 | Gauntlet | Killed a hell beast
 13387 | Gauntlet | Noticed a minotaur
 13395 | Gauntlet | Killed a minotaur
 13672 | D:11     | Reached skill level 12 in Fighting
 13672 | D:11     | Reached XP level 12. HP: 67/95 MP: 0/0
 14775 | D:11     | Found a runed translucent gate.
 14775 | D:11     | Identified the +7 plate armour of the Spider Nest {rPois
                  | Regen+ rCorr Stlth+}
 14775 | D:11     | Noticed fragbeetle's ghost (journeyman GrEE)
 14776 | D:11     | Found a runed translucent gate.
 14777 | D:11     | Found a runed translucent gate.
 14907 | D:12     | Noticed Sonja
 14938 | D:10     | Found a transporter.
 14967 | Lair:1   | Entered Level 1 of the Lair of Beasts
 15074 | Lair:1   | Reached skill level 13 in Fighting
 15074 | Lair:1   | Reached skill level 10 in Spellcasting
 15391 | Lair:1   | Found a basalt altar of Yredelemnul.
 15633 | Lair:1   | Acquired the +2 buckler of Decompression {rN+ MP+9}
 15823 | Lair:1   | Reached skill level 1 in Shields
 16221 | Lair:1   | Reached skill level 14 in Fighting
 16534 | Lair:2   | Noticed Prince Ribbit
 16539 | Lair:2   | Killed Prince Ribbit
 16582 | Lair:2   | Reached XP level 13. HP: 23/106 MP: 0/0
 16582 | Lair:2   | Learned a level 5 spell: Iskenderun's Battlesphere
 17147 | Lair:2   | Found a staircase to the Snake Pit.
 17498 | Lair:2   | Reached skill level 15 in Fighting
 17559 | Lair:2   | Noticed a five-headed hydra
 17562 | Lair:2   | Killed a five-headed hydra
 17873 | Lair:2   | Noticed a six-headed hydra
 17879 | Lair:2   | Killed a six-headed hydra
 18827 | Lair:3   | Gained mutation: You are weak. (Str -2) [Ru sacrifice]
 19007 | Lair:3   | Identified the +1 robe "Xohib" {Contam rCorr Slay-2
                  | Archmagi}
 19060 | Lair:3   | Reached skill level 16 in Fighting
 20352 | Lair:4   | Reached XP level 14. HP: 51/117 MP: 0/0
 21585 | Lair:4   | Found a staircase to the Swamp.
 21974 | Lair:5   | Reached skill level 17 in Fighting
 22018 | Lair:5   | Gained mutation: You sometimes lose the ability to drink
                  | potions when taking damage. [Ru sacrifice]
 22018 | Lair:5   | Reached ****** piety under Ru
 22389 | Lair:5   | Found a staircase to the Slime Pits.
 22719 | Lair:5   | Noticed Josephine
 22725 | Lair:5   | Killed Josephine
 22983 | Lair:5   | Noticed Kirke
 22997 | Lair:5   | Killed Kirke
 23469 | Lair:6   | Entered Level 6 of the Lair of Beasts
 24830 | Lair:6   | Reached XP level 15. HP: 107/126 MP: 0/0
 24830 | Lair:6   | Learned a level 6 spell: Iron Shot
 25155 | Lair:6   | Reached skill level 18 in Fighting
 25481 | Lair:6   | Found a runed translucent door.
 26483 | D:12     | Noticed Erolcha
 26484 | D:12     | Killed Erolcha
 26545 | D:12     | Killed Sonja
 26753 | D:12     | Noticed Nessos
 26760 | D:12     | Killed Nessos
 26982 | D:12     | Found a staircase to the Orcish Mines.
 27436 | D:12     | Noticed a tengu reaver
 27459 | D:12     | Found the +8 autumn katana {vorpal, manifold assault}
 27802 | D:13     | Found a runed translucent door.
 27802 | D:13     | Noticed murtidash's ghost (journeyman FeSu)
 29294 | D:13     | Killed murtidash's ghost
 29438 | D:14     | Found a gateway to a bazaar.
 30399 | D:14     | Found an iron altar of Okawaru.
 30822 | D:14     | Reached XP level 16. HP: 72/134 MP: 0/0
 30907 | D:14     | Reached skill level 19 in Fighting
 31321 | D:14     | Found a gate to the Vaults.
 31902 | D:15     | Entered Level 15 of the Dungeon
 31917 | D:15     | Reached skill level 1 in Evocations
 32764 | D:15     | Found a staircase to the Depths.
 33846 | D:15     | Upgraded the game from 0.28-a0-1510-gd0f6b136d3 to
                  | 0.28-a0-1518-gbe868bca14
 33963 | Orc:1    | Entered Level 1 of the Orcish Mines
 34715 | Orc:2    | Entered Level 2 of the Orcish Mines
 34783 | Orc:2    | Found a dark tunnel.
 34817 | Volcano  | Entered a volcano
 36557 | Orc:2    | Reached skill level 5 in Dodging
 36745 | Orc:2    | Found Baygh's Weapon Boutique.
 36787 | Orc:2    | Found a staircase to the Elven Halls.
 37522 | Orc:2    | Found Canwocs's Antique Weapon Emporium.
 37525 | Orc:2    | Found Noih Ile's Antique Armour Shoppe.
 37535 | Orc:2    | Bought a fading dagger for 224 gold pieces
 37535 | Orc:2    | Identified the +6 dagger of the Sage {protect, Str+4 Int+4
                  | Dex+3 Stlth+} (You bought it in a shop on level 2 of the
                  | Orcish Mines)
 37542 | Orc:2    | Bought a smoking leather armour for 189 gold pieces
 37542 | Orc:2    | Identified the +2 leather armour of Noon {Will+} (You
                  | bought it in a shop on level 2 of the Orcish Mines)
 37664 | Orc:2    | Found Sufep's General Store.
 38314 | Swamp:1  | Entered Level 1 of the Swamp
 38597 | Swamp:1  | Reached XP level 17. HP: 118/141 MP: 0/0
 38597 | Swamp:1  | Learned a level 7 spell: Malign Gateway
 39021 | Swamp:1  | Identified the +5 rapier of Grandeur {freeze, Stlth+}
 39503 | Swamp:2  | Reached skill level 5 in Evocations
 40196 | Swamp:2  | You are sucked into a shaft and drop 1 floor!
 40246 | Swamp:3  | Noticed Roxanne
 41629 | Swamp:4  | Entered Level 4 of the Swamp
 41738 | Swamp:4  | Noticed Donald
 41742 | Swamp:4  | Killed Donald
 41793 | Swamp:4  | Reached skill level 20 in Fighting
 43088 | Swamp:4  | Reached XP level 18. HP: 132/149 MP: 0/0
 43336 | Swamp:4  | Noticed Louise
 43337 | Swamp:4  | Cast into level 2 of the Abyss (Louise)
 43810 | Swamp:4  | Escaped the Abyss
 44106 | Swamp:4  | Killed Louise
 44217 | Swamp:4  | Reached skill level 15 in Spellcasting
 44642 | Swamp:4  | Identified the +4 long sword of Yredelemnul {flame, MP+9}
 45477 | Swamp:4  | Noticed a bone dragon
 45483 | Swamp:4  | Killed a bone dragon
 45708 | Swamp:4  | Got a decaying rune of Zot
 45970 | Snake:1  | Entered Level 1 of the Snake Pit
 50603 | Snake:3  | Noticed Vashnia
 50757 | Snake:3  | Reached XP level 19. HP: 140/157 MP: 0/0
 50757 | Snake:3  | Learned a level 6 spell: Eringya's Noxious Bog
 50761 | Snake:3  | Killed Vashnia
 50762 | Snake:3  | Reached skill level 10 in Dodging
 51065 | Snake:3  | Noticed Aizul
 51429 | Snake:3  | Killed Aizul
 52174 | Snake:4  | Entered Level 4 of the Snake Pit
 53053 | Snake:4  | Noticed Agnes
 53057 | Snake:4  | Killed Agnes
 54027 | Snake:4  | Reached skill level 21 in Fighting
 56330 | Snake:4  | Reached XP level 20. HP: 127/166 MP: 0/0
 56494 | Snake:4  | Got a serpentine rune of Zot
 56711 | Snake:4  | Reached skill level 10 in Evocations
 57648 | D:10     | Identified the +12 scimitar of Disintegration {vamp, Contam
                  | rN+++ Will- MP+9}
 57885 | D:11     | Killed fragbeetle's ghost
 58027 | D:11     | Identified the +1 plate armour of the Thistle {Int+2}
 58030 | D:11     | Identified the +8 hand crossbow of Karma {venom, rPois
                  | Int+4}
 58582 | Vaults:1 | Entered Level 1 of the Vaults
 58657 | Vaults:1 | Found a magical portal.
 58662 | WizLab   | Entered The Hall of the Hellbinder
 59228 | WizLab   | Reached skill level 1 in Short Blades
 59847 | WizLab   | Found a burning altar of Makhleb.
 59847 | WizLab   | Noticed Muicuem
 59859 | WizLab   | Killed Muicuem the Hellbinder
 60071 | WizLab   | Acquired 698 gold pieces
 60123 | WizLab   | Identified the +1 chain mail of Voymuxe {rF+ MP+9 Int-4}
 61592 | Vaults:1 | Found a huge runed gate.
 61593 | Vaults:1 | Found a huge runed gate.
 61594 | Vaults:1 | Found a huge runed gate.
 61594 | Vaults:1 | Found a huge runed gate.
 61638 | Vaults:1 | Found a huge runed gate.
 61638 | Vaults:1 | Found a huge runed gate.
 61638 | Vaults:1 | Found a huge runed gate.
 63667 | Vaults:1 | Found a huge runed gate.
 63668 | Vaults:1 | Found a huge runed gate.
 63673 | Vaults:1 | Found a huge runed gate.
 63673 | Vaults:1 | Found a huge runed gate.
 63677 | Vaults:1 | Found a huge runed gate.
 63677 | Vaults:1 | Found a huge runed gate.
 63677 | Vaults:1 | Found a huge runed gate.
 63677 | Vaults:1 | Found a huge runed gate.
 63677 | Vaults:1 | Found a huge runed gate.
 63678 | Vaults:1 | Found a huge runed gate.
 63799 | Vaults:1 | Found a huge runed gate.
 63807 | Vaults:1 | Found a huge runed gate.
 63807 | Vaults:1 | Found a huge runed gate.
 63807 | Vaults:1 | Found a huge runed gate.
 63807 | Vaults:1 | Found a huge runed gate.
 63807 | Vaults:1 | Found a huge runed gate.
 63807 | Vaults:1 | Found a huge runed gate.
 63808 | Vaults:1 | Found a huge runed gate.
 63809 | Vaults:1 | Found a huge runed gate.
 63810 | Vaults:1 | Found a huge runed gate.
 63818 | Vaults:1 | Found a huge runed gate.
 63818 | Vaults:1 | Found a huge runed gate.
 63818 | Vaults:1 | Found a huge runed gate.
 63818 | Vaults:1 | Found a huge runed gate.
 63818 | Vaults:1 | Found a huge runed gate.
 63818 | Vaults:1 | Found a huge runed gate.
 63819 | Vaults:1 | Found a huge runed gate.
 63820 | Vaults:1 | Found a huge runed gate.
 63821 | Vaults:1 | Found a huge runed gate.
 64203 | Vaults:1 | Reached XP level 21. HP: 146/173 MP: 0/0
 64203 | Vaults:1 | Learned a level 8 spell: Maxwell's Capacitive Coupling
 65419 | Vaults:2 | Reached skill level 22 in Fighting
 65625 | Vaults:2 | Found Zafeco's Jewellery Shoppe.
 66437 | Vaults:2 | Found a staircase to the Crypt.
 66438 | Vaults:2 | Found a basalt altar of Yredelemnul.
 66533 | Vaults:2 | Identified the +6 whip of the Spider Nest {vorpal, rF+ rC+
                  | Int+2}
 68465 | Vaults:2 | Found the +8 Wrath of Trog {antimagic, *Rage Rampage}
 68476 | Vaults:2 | Upgraded the game from 0.28-a0-1518-gbe868bca14 to
                  | 0.28-a0-1524-ge72afd5fc6
 68602 | Vaults:3 | Noticed Jory
 68607 | Vaults:3 | Killed Jory
 69348 | Vaults:3 | Reached XP level 22. HP: 13/182 MP: 0/0
 70962 | Vaults:3 | Identified the +0 dagger of Xusmitu {vorpal, MP+9}
 71583 | Vaults:3 | Reached skill level 15 in Dodging
 72183 | Vaults:4 | Found Appico's Weapon Shop.
 73198 | Vaults:4 | Reached skill level 23 in Fighting
 75052 | Vaults:4 | Found Coicluor's Book Shoppe.
 75204 | Vaults:4 | Found Yciebiry's Armour Shop.
 75523 | Depths:1 | Entered Level 1 of the Depths
 75563 | Depths:1 | Reached XP level 23. HP: 169/189 MP: 0/0
 75563 | Depths:1 | Learned a level 7 spell: Orb of Destruction
 75642 | Depths:1 | Found a gateway to Hell.
 75646 | Depths:1 | Noticed Margery
 75655 | Depths:1 | Killed Margery
 76232 | Depths:1 | Found Ytsoluet's Antique Weapon Boutique.
 76324 | Depths:1 | Found a one-way gateway to a ziggurat.
 76856 | Depths:1 | Found a hide-covered altar of Uskayaw.
 76913 | Depths:1 | Found a one-way gate leading to the halls of Pandemonium.
 78286 | Depths:2 | Found a one-way gate to the infinite horrors of the Abyss.
 80785 | Depths:3 | Identified the +4 long sword "Koug" {vorpal, Str+2 Int-2
                  | Dex+5}
 81083 | Depths:3 | Found Efaaw's Jewellery Emporium.
 81091 | Depths:3 | Bought the amulet "Caxzoets" {Reflect Rampage Will+ SH+5}
                  | for 553 gold pieces
 81101 | Depths:3 | Bought a +6 ring of intelligence for 760 gold pieces
 81156 | Depths:3 | Noticed a caustic shrike
 81163 | Depths:3 | Killed a caustic shrike
 81175 | Depths:3 | HP: 3/191 [stone giant simulacrum[a necromancer] (48)]
 81180 | Depths:3 | Killed from afar by an ice dragon

Illustrated notes

Levels and vault maps discovered:
D:1:      ncdulo_watergridlock, layout_loops_ring, serial_co_window_serial,
          co_window_cross_1, co_window_paths_b, co_window_paths_b,
          co_window_corner_a, co_window_of_opportunity_a, co_window_corner_b,
          co_window_2corner, co_window_unsneaky_path_e, co_window_corner_b,
          co_window_broadway_a, co_window_corner_b, co_window_paths_c,
          glass_columns_a, glass_columns_a, glass_columns_b, glass_columns_a,
          hellmonk_ecumenical_altar_pennies_from_heaven
D:2:      layout_rooms, serial_bayou_crossing
D:3:      layout_rooms, minmay_misc_feat_tower, minmay_goblin_kobold_house,
          uniq_robin
D:4:      layout_cave_pools, mainiacjoe_overflow_concentric_impassable,
          minmay_temple_entry_waves, uniq_sigmund
D:5:      layout_gridville, nicolae_shop_unique_rings
D:6:      layout_loops_ring, uniq_crazy_yiuf_cottage, uniq_grinder,
          uniq_blork_the_orc, uniq_pikel
D:7:      kennysheep_housing_project, layout_loops_cross,
          nicolae_take_the_stairs
D:8:      layout_rooms, minivault_27
D:9:      layout_loops_ring, lair_entry_dummy
D:10:     gammafunk_corrupted_shrine, layout_cross, vehumet_statue,
          grunt_temple_overflow_open, minmay_misc_feat_five
D:11:     layout_rooms, biasface_ghost_orc_armoury, gauntlet_entry_generic
D:12:     layout_cave_pools, david_orc_3, serial_ice, serial_ice_e,
          serial_ice_a, serial_ice_b, serial_ice_d,
          onia_ninara_dug_in_and_dangerous, uniq_erolcha, uniq_sonja,
          uniq_nessos
D:13:     lemuel_slime, layout_loops_corners, hellmonk_ghost_happy_afterlife
D:14:     layout_basic, grunt_vaults_entry_fortified, okawaru_gym_becter,
          serial_shops, statue_bzr
D:15:     hangedman_depths_entry_civil_slaughter, layout_basic,
          grunt_decor_one_mirror, elves_outpost_lemuel
Lair:1:   layout_gridlike, basic_altar, patterned_corridor
Lair:2:   layout_loops_ring, dummy_snake_entry, serial_bayou_shore_b,
          infiniplex_staircase_pool_2, grunt_megastairs_3, uniq_prince_ribbit2
Lair:3:   layout_cave_pods
Lair:4:   layout_regular_city, nicolae_swamp_entry_splash_gauntlet,
          eino_house_with_fridge, grunt_megastairs_2, serial_bayou_shore_a
Lair:5:   layout_cave_pods, minmay_slime_entry_pillars, uniq_kirke,
          uniq_josephine
Lair:6:   wormcave, layout_concentric_octagons, columned_hall_lemuel
Swamp:1:  layout_basic_swamp, nicolae_swamp_decorative_isthmus,
          nicolae_swamp_spooky_pond
Swamp:2:  layout_basic_swamp, serial_swamp_ruin, evilmike_swamp_ruin_house_2,
          evilmike_swamp_ruin_house_3, evilmike_swamp_ruin_rubble_2,
          swamp_pool3, nicolae_swamp_soggy_hallways
Swamp:3:  layout_falls_marsh, evilmike_swamp_ruin_house_4, swamp_pool5,
          uniq_mara, uniq_roxanne
Swamp:4:  swamp_pestilence, layout_basic_swamp, hangedman_swamp_lotus,
          swamp_pool2, ldierk_geyser, nicolae_swamp_trees_clearing,
          infiniplex_staircase_pool, uniq_donald, uniq_louise
Snake:1:  layout_onion, st_stairs_5, grunt_megastairs_5
Snake:2:  hangedman_cross_stitches, layout_layer_cave, corexii_hall_statues_s,
          grunt_megastairs_1, serial_bayou_shore_b
Snake:3:  layout_misc_corridors, uniq_vashnia, uniq_aizul
Snake:4:  snake_pit_salamanders_mu, layout_cave_town, uniq_agnes
Orc:1:    layout_diamond_mine
Orc:2:    grunt_orc_community_town_hall, layout_caves,
          grunt_orc_community_big_house_2, grunt_orc_community_big_house_1,
          grunt_orc_community_house_2, grunt_orc_community_house_1,
          grunt_orc_community_house_2, grunt_orc_community_house_2,
          nicolae_volcano_entry_vermiform, bh_open_orc_temple
Vaults:1: mu_enter_wizlab_1, v_misc_2, door_vault,
          ontoclasm_vaults_claustrophobia, nicolae_vaults_mini_display_case,
          v_rooms_3, v_misc_3, ontoclasm_vaults_decontamination,
          vaults_room_door_ring, ontoclasm_vaults_loading_screen,
          layout_vaults_big_room
Vaults:2: v_misc_27, nicolae_vaults_big_angled_halls,
          minmay_crypt_entry_necro_gods, serial_ice_h, dpeg_vaults_monster_box,
          vaults_standard_mumra_lines, ontoclasm_vaults_ring_square,
          st_hourglassy, layout_vaults_ring, serial_shops, nicolae_shop_stone
Vaults:3: vaults_room_grid, vaults_mumra_minichess_inversion,
          nicolae_vaults_network_quinsquares
          [nicolae_vaults_network_quincunx_subvault,
          nicolae_vaults_network_quincunx_subvault,
          nicolae_vaults_network_quincunx_subvault,
          nicolae_vaults_network_quincunx_subvault], vaults_dpeg_cross,
          v_misc_9, layout_vaults_quadrants, uniq_jory
Vaults:4: v_misc_17, nicolae_vaults_little_squares_5,
          nicolae_vaults_little_squares_3, vaults_mumra_minichess,
          ontoclasm_vaults_shuriken, vaults_room_fancy_cross,
          grunt_vaults_diagonal, v_misc_2, v_misc_33, hangedman_vaults_maws,
          nicolae_vaults_ring_of_whatevers, nicolae_vaults_theta,
          vaults_standard_mumra_x, v_misc_30, layout_vaults_omnicross,
          serial_shops, shop, shop, shop_statue
Depths:1: layout_cave_shapes, enter_ziggurat_b, grunt_pan_entry_zigzag,
          grunt_metal_band, hangedman_glass_teeth, serial_column_ruins,
          column_ruins_open_tiny, column_ruins_open_tiny,
          column_ruins_columns_corner, column_ruins_grid_2,
          column_ruins_open_tiny_water, minmay_misc_feat_tiny,
          nicolae_uskayaw_murder_on_the_dancefloor, minmay_shop_star
Depths:2: kennysheep_big_flooded_room, layout_long_grid,
          grunt_hell_entry_dis_grunt, abyss_entry, grunt_pan_entry_in_and_out,
          small_statue_intersection, grunt_ministairs_5,
          infiniplex_staircase_pillars_2
Depths:3: nzn_winding_woodlands_three_and_one
          [nzn_winding_woodlands_5x15_pockets,
          nzn_winding_woodlands_5x15_crooked,
          nzn_winding_woodlands_5x15_river_crossing,
          nzn_winding_woodlands_center_pierced_h], layout_gridlike,
          serial_glass, glass_columns_a, glass_columns_a, serial_shops, shop,
          hangedman_abyss_entry_splay, pf_hell_entry_tar_river, st_stairs_8,
          uniq_margery

Skill      XL: |  1  2  3  4  5  6  7  8  9 10 11 12 13 14 15 16 17 18 19 20 21 22 23 |
---------------+----------------------------------------------------------------------+-----
Spellcasting   | 3 4 5 6 7 8 9 10 11 12 13 14 15 16 17 18 | 18.0
Fighting       | 1 2 3 5 6 8 9 12 14 16 17 18 19 20 21 22 23 | 23.7
Shields        | 3 4 |  4.0
Evocations     | 4 6 8 9 10 | 10.2
Dodging        | 5 8 9 11 12 14 15 16 | 16.9
Short Blades   | 2 |  2.7
Stealth        | |  1.4

Action                   |  1- 3 |  4- 6 |  7- 9 | 10-12 | 13-15 | 16-18 | 19-21 | 22-24 || total
-------------------------+-------+-------+-------+-------+-------+-------+-------+-------++-------
Melee: Dagger            |    57 |       |       |       |       |     1 |       |       ||    58
       Spear             |    26 |    18 |       |     8 |       |       |       |       ||    52
       Staff             |       |     1 |       |     5 |       |     1 |       |     1 ||     8
       Punch             |       |     1 |       |     1 |       |       |       |       ||     2
       Quarterstaff      |       |       |       |       |       |       |     1 |       ||     1
 Fire: Hunting sling     |       |       |       |     4 |       |       |       |       ||     4
       Fustibalus        |       |       |       |       |       |     1 |       |       ||     1
Throw: Javelin           |       |       |       |       |       |       |     4 |       ||     4
 Cast: Magic Dart        |    17 |    61 |    27 |     6 |   219 |   351 |    64 |     3 ||   748
       Foxfire           |     6 |    30 |    20 |    47 |    11 |     3 |     2 |       ||   119
       Mephitic Cloud    |       |     4 |     6 |    12 |    14 |    11 |    29 |    18 ||    94
       Conjure Flame     |       |     5 |     6 |    11 |     2 |     5 |     4 |     7 ||    40
       Scorch            |       |     9 |    32 |    35 |     9 |     2 |     3 |     3 ||    93
       Blink             |       |     1 |     3 |     8 |     1 |     1 |    12 |       ||    26
       Call Imp          |       |     1 |       |     5 |       |     1 |     1 |       ||     8
       Stone Arrow       |       |       |    62 |   237 |   257 |    13 |    29 |    28 ||   626
       Slow              |       |       |       |     3 |     3 |       |       |       ||     6
       Anguish           |       |       |       |     1 |     1 |     3 |    11 |    11 ||    27
       Iskenderun's Batt |       |       |       |       |    89 |   117 |    53 |    16 ||   275
       Iron Shot         |       |       |       |       |   108 |   424 |   507 |   352 ||  1391
       Lesser Beckoning  |       |       |       |       |     1 |       |       |       ||     1
       Malign Gateway    |       |       |       |       |       |     1 |     2 |       ||     3
       Eringya's Noxious |       |       |       |       |       |       |     4 |     3 ||     7
       Maxwell's Capacit |       |       |       |       |       |       |     2 |     2 ||     4
       Orb of Destructio |       |       |       |       |       |       |       |     1 ||     1
Invok: Sacrifice Resista |     1 |       |       |       |       |       |       |       ||     1
       Sacrifice Durabil |       |     1 |       |       |       |       |       |       ||     1
       Sacrifice Skill   |       |       |     1 |       |       |       |       |       ||     1
       Reject Sacrifices |       |       |       |     1 |       |       |       |       ||     1
       Draw Out Power    |       |       |       |     1 |       |       |     1 |     2 ||     4
       Sacrifice Purity  |       |       |       |       |     1 |       |       |       ||     1
       Sacrifice Drink   |       |       |       |       |     1 |       |       |       ||     1
       Power Leap        |       |       |       |       |       |       |     2 |       ||     2
Evoke: Wand              |       |       |       |       |       |       |     2 |       ||     2
  Use: Scroll            |       |       |     1 |    22 |     5 |     7 |     6 |     1 ||    42
       Potion            |       |       |       |     1 |       |     3 |     1 |     1 ||     6
 Stab: Sleeping          |     4 |       |       |       |       |       |       |       ||     4
       Confused          |       |     1 |       |       |       |       |       |       ||     1
Armor: Robe              |    22 |     9 |     6 |    60 |    22 |    26 |    32 |    19 ||   196
Dodge: Dodged            |    41 |    11 |    14 |   145 |    71 |    83 |   172 |    87 ||   624
Block: Buckler           |       |       |       |     5 |    21 |    41 |    54 |    29 ||   150

Table legend: (Time is in decaauts)
 A = Elapsed time spent in this place.
 B = Non-inter-level travel time spent in this place.
 C = Inter-level travel time spent in this place.
 D = Time resting spent in this place.
 E = Time spent auto-exploring this place.
 F = Levels seen in this place.
 G = Mean time per level.
                   A        B        C        D        E       F      G
               +--------+--------+--------+--------+--------+-----+--------+
         Total |  81228 |  78958 |   2270 |  39198 |  30368 |  43 | 1889.0 |
       Dungeon |  24020 |  22922 |   1098 |  10488 |   9900 |  15 | 1601.3 |
          Lair |  12337 |  11899 |    438 |   5225 |   5654 |   6 | 2056.2 |
         Swamp |   7101 |   6929 |    172 |   3118 |   3180 |   4 | 1775.2 |
     Snake Pit |  10823 |  10621 |    202 |   5755 |   3788 |   4 | 2705.8 |
  Orcish Mines |   3669 |   3602 |     67 |   1587 |   1512 |   2 | 1834.5 |
        Vaults |  13960 |  13745 |    215 |   7894 |   3711 |   4 | 3490.0 |
        Depths |   5272 |   5197 |     75 |   2653 |   2021 |   3 | 1757.3 |
         Abyss |    472 |    472 |      0 |      0 |     56 |   2 |  236.0 |
       Volcano |    813 |    813 |      0 |    540 |    132 |   1 |  813.0 |
        Wizlab |   1621 |   1621 |      0 |   1244 |    149 |   1 | 1621.0 |
      Gauntlet |   1136 |   1136 |      0 |    694 |    265 |   1 | 1136.0 |
               +--------+--------+--------+--------+--------+-----+--------+

Top non-repeatable levels by time:
    D:14: 4467 daAuts
 Snake:4: 4322 daAuts
Vaults:3: 3965 daAuts
Vaults:1: 3602 daAuts
Vaults:2: 3529 daAuts
 Snake:2: 3371 daAuts
 Swamp:4: 3176 daAuts
Vaults:4: 2862 daAuts
  Lair:6: 2834 daAuts
  Lair:4: 2355 daAuts
  Lair:2: 2255 daAuts
Depths:2: 2068 daAuts
Depths:3: 2045 daAuts
   Orc:2: 2042 daAuts
     D:7: 2008 daAuts
